 Dungeon Crawl Stone Soup version 0.30-a0-778-g2ef04afb54 (webtiles) character file.

Game seed: 2043402416383218132

21886 sanka the Brawler (level 12, -5/126 HPs)
             Began as a Troll Monk on Feb 16, 2023.
             Was a High Priest of Okawaru.
             Slain by a skeletal warrior
             ... wielding a +0 trident
              (24 damage)
             ... on level 13 of the Dungeon.
             The game lasted 00:18:14 (10970 turns).

sanka the Brawler (Troll Monk)                     Turns: 10970, Time: 00:18:14

Health: -5/126     AC: 12    Str: 22    XL:     12   Next: 58%
Magic:  0/14       EV: 14    Int:  9    God:    Okawaru [*****.]
Gold:   517        SH:  0    Dex: 22    Spells: 11/11 levels left

rFire   . . .      SeeInvis +      - Unarmed
rCold   . . .      Faith    .    (no shield)
rNeg    . . .      Spirit   +    O - +0 acid dragon scales
rPois   .          Reflect  .    T - +2 hat of Huocaod {rCorr Int+3 SInv}
rElec   .          Harm     .    k - +0 cloak
rCorr   +          Rampage  .    (gloves unavailable)
Will    .....                    (boots unavailable)
Stlth   +++                      d - amulet of guardian spirit
HPRegen 1.21/turn                P - +4 ring of slaying
MPRegen 0.14/turn                J - +6 ring of dexterity

@: heroic
A: large, unfitting armour, claws 3, regeneration 1, shaggy fur 1, tough skin 1
a: Renounce Religion, Heroism, Finesse, Duel


You were on level 13 of the Dungeon.
You worshipped Okawaru.
Okawaru was extremely pleased with you.
You visited 2 branches of the dungeon, and saw 14 of its levels.

You collected 717 gold pieces.
You spent 200 gold pieces at shops.


Innate Abilities, Weirdness & Mutations

You are too large for most types of armour.
You have claws for hands.
Your natural rate of healing is unusually fast.
You are covered in fur. (AC +1)
You have tough skin. (AC +1)


   Skills:
 - Level 10.0(15.0) Fighting
 - Level 2.4(7.4) Dodging
 - Level 1.0(6.0) Stealth
 + Level 17.1(22.1) Unarmed Combat
 - Level 5.0 Invocations


You had 11 spell levels left.
You didn't know any spells.
Your spell library contained the following spells:

 Spells                   Type           Power      Damage    Failure   Level
 Apportation              Tloc           0%         N/A       45%         1
 Slow                     Hex            0%         N/A       45%         1
 Confusing Touch          Hex            0%         N/A       83%         3
 Vampiric Draining        Necr           0%         2d6       83%         3
 Vhi's Electric Charge    Tloc/Air       0%         N/A       83%         3
 Olgreb's Toxic Radiance  Pois           0%         N/A       99%         4
 Passage of Golubria      Tloc           0%         N/A       99%         4
 Alistair's Intoxication  Tmut/Pois      0%         N/A       100%        5
 Arcjolt                  Conj/Air       0%         1d10      100%        5
 Yara's Violent Unravell  Hex/Tmut       0%         3d3       100%        5
 Ozocubu's Refrigeration  Ice            0%         4d7       100%        7
 Ignition                 Fire           0%         3d3       100%        8
 Maxwell's Capacitive Co  Air            0%         ∞         100%        8
 Tukima's Dance           Hex            Unusable   N/A       N/A         3

Inventory:

Hand Weapons
 b - a +0 dire flail
 j - a +0 trident
 D - a +2 war axe of pain
 N - a +1 short sword of distortion
Missiles
 G - 4 large rocks (quivered) {=f}
 M - 5 curare-tipped darts {=f}
 S - a throwing net {=f}
Armour
 k - a +0 cloak (worn)
 E - a scarf of repulsion
 O - +0 acid dragon scales (worn)
 T - the +2 hat of Huocaod (worn) {rCorr Int+3 SInv}

   Int:       It affects your intelligence (+3).
   SInv:      It lets you see invisible.
   rCorr:     It protects you from acid and corrosion.
Jewellery
 d - an amulet of guardian spirit (around neck)
 r - a ring of positive energy
 J - a +6 ring of dexterity (right claw)
 P - a +4 ring of slaying (left claw)
 Q - a ring of ice
Wands
 C - a wand of quicksilver (10)
 H - a wand of flame (13)
 K - a wand of digging (10)
Scrolls
 a - a scroll of brand weapon {unknown}
 c - a scroll of torment {!r}
 e - 2 scrolls of magic mapping
 f - 5 scrolls of fear
 l - 5 scrolls of amnesia
 m - 2 scrolls of poison {!r}
 n - 3 scrolls of fog
 p - a scroll of enchant armour {unknown}
 q - 6 scrolls of teleportation {@r4}
 s - 2 scrolls of silence {!r}
 t - 2 scrolls of vulnerability {!r}
 w - 3 scrolls of immolation {!r}
 y - 3 scrolls of noise {!r}
 R - 2 scrolls of enchant weapon
Potions
 g - 10 potions of curing {@q1}
 h - a potion of resistance {unknown}
 i - a potion of magic {unknown}
 o - a potion of flight {unknown}
 u - 3 potions of brilliance {unknown}
 v - 3 potions of heal wounds {@q2}
 x - 3 potions of attraction {unknown}
 z - a potion of haste {unknown}
 A - 3 potions of might {unknown}
 B - 3 potions of degeneration {unknown}
 F - a potion of cancellation {unknown}
 L - 2 potions of mutation {unknown}
 U - a potion of ambrosia
Miscellaneous
 I - a phial of floods

Dungeon Overview and Level Annotations

Branches:
Dungeon (13/15)            Temple (1/1) D:5            Lair (0/5) D:8
    Orc (0/2) D:10         Vaults (0/5) D:13

Altars:
Ashenzari
Cheibriados
Dithmenos
Elyvilon
Fedhas
Gozag
Hepliaklqana
Kikubaaqudgha
Makhleb
Nemelex Xobeh
Okawaru
Qazlal
Ru
Sif Muna
Trog
Uskayaw
Vehumet
Wu Jian
Xom
Yredelemnul
Zin
The Shining One

Shops:
D:5 *   D:6 *   D:12 [*

Portals:
Abyss: D:11

Annotations:
D:8 exclusion: downstairs
D:9 exclusion: door
D:10 exclusion: downstairs
D:11 2 transporters, XanderDroid's ghost, journeyman TrFi

.. ▒▒..▒.)..▒▒...▒▒..▒▒
.▒▒▒..▒...▒ ▒▒...▒▒..▒▒
....▒..▒ ▒▒...▒▒... .....▒
▒........ ▒▒..z▒ ▒▒▒.......
▒..z▒▒ .▒ ▒....▒.. ▒▒....▒
▒▒.▒▒▒..▒▒▒▒.
▒...▒z▒▒▒▒▒........▒▒ ▒.
▒......▒..)T.▒.....▒▒▒..▒▒▒▒
......▒...▒▒.....▒ ▒▒▒......
........c...▒..▒▒..▒▒.▒...<..
.c▒▒▒....▒▒▒▒...▒▒.......▒▒..
. ▒▒...▒▒▒▒.▒▒.▒....▒..▒▒..
▒▒.▒........▒▒..▒▒.....▒ ..
.▒▒.▒▒▒.........▒▒<▒ ▒▒. ..
▒.▒..▒▒...▒▒..
▒▒..).....▒▒.......


You could see a skeletal warrior and a centaur warrior.


Message History

You mangle the skeletal warrior!!
The skeletal warrior is moderately damaged.
The skeletal warrior closely misses you.
The skeletal warrior barely misses you.
You eviscerate the skeletal warrior!!!
You claw the skeletal warrior, but do no damage.
The skeletal warrior is almost destroyed.
You eviscerate the skeletal warrior!!!
You destroy the skeletal warrior!
Okawaru is honoured by your kill.
The centaur warrior shoots an arrow.
The arrow hits you!
* * * LOW HITPOINT WARNING * * *
The skeletal warrior hits you from afar with a +0 trident!!
* * * LOW HITPOINT WARNING * * *
Your base Unarmed Combat skill increases to level 17!
A skeletal warrior comes into view. It is wielding a +0 trident.
The centaur warrior shoots an arrow.
The arrow closely misses you.
The skeletal warrior hits you with a +0 trident!
* * * LOW HITPOINT WARNING * * *
The centaur warrior shoots an arrow.
The arrow misses you.
You see here a +0 mace.
You scratch the skeletal warrior but do no damage.
The centaur warrior shoots an arrow.
The arrow hits you!
* * * LOW HITPOINT WARNING * * *
The skeletal warrior hits you from afar with a +0 trident!!
You die...

Action                     |  1- 3 |  4- 6 |  7- 9 | 10-12 || total
---------------------------+-------+-------+-------+-------++-------
  Melee: Unarmed           |    70 |   106 |   279 |   382 ||   837
         Punch             |     2 |     2 |    14 |    36 ||    54
  Throw: Large rock        |       |       |       |    10 ||    10
 Invoke: Heroism           |       |       |     1 |     8 ||     9
    Use: Scroll            |       |       |       |    12 ||    12
   Stab: Sleeping          |       |     4 |     1 |     3 ||     8
 Armour: Robe              |    20 |    42 |    83 |       ||   145
         Steam dragon scal |       |       |       |    39 ||    39
         Acid dragon scale |       |       |       |    43 ||    43
  Dodge: Dodged            |    24 |    58 |   142 |   138 ||   362

Levels and vault maps discovered:
D:1:      dpeg_arrival_caged_fury, layout_basic
D:2:      layout_loops_ring
D:3:      layout_loops_cross, lightli_temple_of_fire,
          chequers_ecumenical_altar_twisty, st_stairs_7,
          minmay_misc_feat_nine_boxes, minmay_pentomino_pile, uniq_grinder
D:4:      layout_basic, minmay_circle_x, uniq_sigmund
D:5:      layout_basic, minmay_temple_entry_slanted, serial_shops,
          nicolae_shop_statue_plus, minmay_misc_feat_more_columns
D:6:      layout_rooms, serial_shops, shop
D:7:      layout_basic, amcnicky_altar_gilded, minivault_23
D:8:      layout_loops_cross, hellmonk_lair_entry_icy, minivault_11, uniq_maggie
D:9:      layout_irregular_city, hangedman_abyss_or_decor_stagger,
          minmay_shattered_shrine
D:10:     layout_small_grid, minitemple, minmay_orc_entry_temple_small,
          gammafunk_ghost_arena, uniq_sonja
D:11:     layout_basic, gammafunk_ghost_abyssal_escape
D:12:     layout_roguey, serial_shops, kennysheep_mini_moat, shop
D:13:     layout_layer_cave, david_vaults_2, kennysheep_generic_room_10,
          uniq_maurice
Temple:   hellmonk_temple_flake

Notes
Turn   | Place    | Note
-------+----------+-------------------------------------------
     0 | D:1      | sanka the Troll Monk began the quest for the Orb.
     0 | D:1      | Reached XP level 1. HP: 22/22 MP: 0/0
     1 | D:1      | Found a runed translucent door.
   209 | D:1      | Reached skill level 3 in Fighting
   209 | D:1      | Reached XP level 2. HP: 29/31 MP: 1/1
   956 | D:1      | Reached skill level 4 in Unarmed Combat
   956 | D:1      | Reached XP level 3. HP: 10/37 MP: 0/2
   967 | D:1      | Reached XP level 4. HP: 22/45 MP: 0/3
  1372 | D:2      | Reached skill level 5 in Unarmed Combat
  1751 | D:3      | Reached XP level 5. HP: 52/53 MP: 2/4
  1798 | D:3      | Found a burning altar of Makhleb.
  1916 | D:3      | Found a faded altar of an unknown god.
  2077 | D:3      | Noticed Grinder
  2095 | D:3      | Paralysed by Grinder for 3 turns
  2102 | D:3      | Paralysed by Grinder for 3 turns
  2107 | D:3      | Killed Grinder
  2108 | D:3      | Reached skill level 7 in Unarmed Combat
  2108 | D:3      | Reached XP level 6. HP: 35/61 MP: 5/5
  2551 | D:4      | Noticed Sigmund
  2558 | D:4      | Killed Sigmund
  2559 | D:4      | Reached XP level 7. HP: 55/67 MP: 6/6
  2586 | D:4      | Reached skill level 8 in Unarmed Combat
  3087 | D:5      | Entered Level 5 of the Dungeon
  3092 | D:5      | Reached skill level 9 in Unarmed Combat
  3190 | D:5      | Reached XP level 8. HP: 66/75 MP: 5/7
  3268 | D:5      | Reached skill level 10 in Unarmed Combat
  3268 | D:5      | Found a staircase to the Ecumenical Temple.
  3292 | D:5      | Reached skill level 4 in Fighting
  3293 | D:5      | HP: 6/78 [black bear (2)]
  3301 | Temple   | Entered the Ecumenical Temple
  3519 | Temple   | Became a worshipper of Warmaster Okawaru
  3519 | Temple   | Reached * piety under Okawaru
  3519 | Temple   | Reached ** piety under Okawaru
  3595 | D:5      | Found Amudweve's Assorted Antiques.
  3713 | D:5      | Reached skill level 1 in Invocations
  4043 | D:6      | Reached skill level 5 in Fighting
  4043 | D:6      | Reached skill level 2 in Invocations
  4186 | D:6      | Found Vodghugg's General Store.
  4190 | D:6      | Reached skill level 3 in Invocations
  4211 | D:6      | Bought a scroll of noise for 10 gold pieces
  4211 | D:6      | Bought a scroll of immolation for 40 gold pieces
  4211 | D:6      | Bought a potion of curing for 30 gold pieces
  4364 | D:6      | Reached skill level 4 in Invocations
  4364 | D:6      | Reached XP level 9. HP: 68/88 MP: 5/11
  4549 | D:7      | Found an ornate altar of the Wu Jian Council.
  4766 | D:7      | Reached skill level 5 in Invocations
  5043 | D:7      | Reached *** piety under Okawaru
  5475 | D:7      | Identified the +3 ring mail of Kybliwuun {*Corrode rC+
                  | Int+4}
  5605 | D:8      | Reached skill level 11 in Unarmed Combat
  5623 | D:8      | Noticed a rime drake
  5624 | D:8      | Found a staircase to the Lair.
  5632 | D:8      | Killed a rime drake
  5645 | D:8      | Reached skill level 12 in Unarmed Combat
  5667 | D:8      | Identified +0 steam dragon scales
  5667 | D:8      | Noticed Maggie
  5678 | D:8      | Killed Maggie
  5678 | D:8      | Reached **** piety under Okawaru
  5679 | D:8      | Reached XP level 10. HP: 83/96 MP: 9/12
  5859 | D:8      | Reached skill level 13 in Unarmed Combat
  6555 | D:9      | Noticed a cyclops
  6565 | D:9      | Killed a cyclops
  6623 | D:9      | Noticed a cyclops
  6627 | D:9      | Killed a cyclops
  6627 | D:9      | Reached ***** piety under Okawaru
  6628 | D:9      | Reached skill level 14 in Unarmed Combat
  6927 | D:9      | Noticed a four-headed hydra
  7121 | D:9      | Reached skill level 15 in Unarmed Combat
  7248 | D:10     | Entered Level 10 of the Dungeon
  7323 | D:10     | Found a staircase to the Orcish Mines.
  7389 | D:10     | Received a gift from Okawaru
  7399 | D:10     | Reached XP level 11. HP: 79/104 MP: 9/13
  7573 | D:10     | Reached skill level 6 in Fighting
  7700 | D:10     | Found a hide-covered altar of Uskayaw.
  7701 | D:10     | Found a sparkling altar of Nemelex Xobeh.
  7702 | D:10     | Found a white marble altar of Elyvilon.
  7705 | D:10     | Found a glowing silver altar of Zin.
  7706 | D:10     | Found a broken altar of Ashenzari.
  7706 | D:10     | Found a snail-covered altar of Cheibriados.
  7708 | D:10     | Found a shimmering altar of Xom.
  7711 | D:10     | Found a blossoming altar of Fedhas.
  7929 | D:10     | Noticed mopl's ghost (journeyman GrFi)
  7932 | D:10     | Found a transporter.
  8044 | D:10     | Noticed Sonja
  8047 | D:10     | Found a transporter.
  8050 | D:10     | Killed Sonja
  8229 | D:10     | Identified +0 acid dragon scales
  8236 | D:10     | Killed mopl's ghost
  8237 | D:10     | Reached skill level 7 in Fighting
  8468 | D:11     | Identified the +11 broad axe "Voysubyxzi" {elec, *Rage
                  | +Blink rN++ Int+3} (Okawaru gifted it to you on level 11 of
                  | the Dungeon)
  8468 | D:11     | Received a gift from Okawaru
  8473 | D:11     | Reached skill level 8 in Fighting
  8502 | D:11     | Found a one-way gate to the infinite horrors of the Abyss.
  8502 | D:11     | Noticed XanderDroid's ghost (journeyman TrFi)
  8516 | D:11     | Found a transporter.
  8520 | D:11     | Noticed a wizard
  8582 | D:11     | Noticed a boulder beetle
  8597 | D:11     | Killed a boulder beetle
  8759 | D:11     | Found a transporter.
  9007 | D:11     | Reached skill level 9 in Fighting
  9436 | D:11     | Noticed a two-headed ogre
  9442 | D:11     | Killed a two-headed ogre
  9442 | D:11     | Identified the +2 hat of Huocaod {rCorr Int+3 SInv}
                  | (Okawaru gifted it to you on level 11 of the Dungeon)
  9442 | D:11     | Received a gift from Okawaru
  9623 | D:12     | Noticed a two-headed ogre
  9632 | D:12     | Killed a two-headed ogre
  9632 | D:12     | Reached ****** piety under Okawaru
  9633 | D:12     | Reached skill level 10 in Fighting
  9634 | D:12     | Noticed a deep elf pyromancer
  9643 | D:12     | Killed a deep elf pyromancer
  9644 | D:12     | Reached XP level 12. HP: 114/126 MP: 11/14
  9693 | D:12     | Found Pifocs's Armour Emporium.
  9725 | D:12     | Found Erphig's General Store.
  9734 | D:12     | Noticed a boulder beetle
  9750 | D:12     | Killed a boulder beetle
  9816 | D:12     | Noticed a centaur warrior
  9825 | D:12     | Killed a centaur warrior
 10201 | D:12     | Noticed a two-headed ogre
 10205 | D:12     | Killed a two-headed ogre
 10206 | D:12     | Reached skill level 16 in Unarmed Combat
 10338 | D:12     | Bought a potion of curing for 45 gold pieces
 10338 | D:12     | Bought a potion of heal wounds for 75 gold pieces
 10576 | D:13     | Noticed a yaktaur captain
 10587 | D:13     | Killed a yaktaur captain
 10648 | D:13     | Found a gate to the Vaults.
 10784 | D:13     | Noticed a four-headed hydra
 10955 | D:13     | Noticed a centaur warrior
 10968 | D:13     | Reached skill level 17 in Unarmed Combat
 10970 | D:13     | Slain by a skeletal warrior

Vanquished Creatures
  A yaktaur captain (D:13)
  A centaur warrior (D:12)
  2 boulder beetles
  3 two-headed ogres
  The ghost of mopl the Basher, a journeyman GrFi of Okawaru (D:10)
  Sonja (D:10)
  A skeletal warrior (D:13)
  3 cyclopes
  2 deep elf pyromancers
  2 ugly things (D:13)
  A manticore (D:13)
  Maggie (D:8)
  A rime drake (D:8)
  An unseen horror (D:10)
  A gargoyle (D:10)
  2 yaktaurs (D:13)
  A troll (D:11)
  Grinder (D:3)
  4 shadows
  A slime creature (D:9)
  A vampire (D:12)
  Sigmund (D:4)
  27 yaks
  4 wraiths
  A steam dragon (D:6)
  4 vampire mosquitoes (D:13)
  2 acid dragons
  2 water moccasins
  4 black bears
  6 orc warriors
  5 ice beasts
  An ogre (D:4)
  4 wolves (D:8)
  6 boggarts (D:12)
  2 centaurs
  A phantom (D:6)
  A kobold brigand (D:9)
  A bullfrog (D:6)
  2 gnoll sergeants (D:10)
  A necrophage (D:4)
  3 scorpions
  7 killer bees
  4 howler monkeys
  3 hounds
  2 jellies
  A gnoll bouda (D:7)
  5 orc priests
  3 iguanas
  9 orc wizards
  A centaur simulacrum (D:9)
  24 gnolls
  8 adders
  2 white imps
  2 ufetubi (D:6)
  3 worms
  2 dart slugs
  45 orcs
  9 ball pythons
  10 endoplasms
  7 giant cockroaches
  6 goblins
  8 hobgoblins
  5 jackals (D:1)
  3 kobolds (D:1)
  2 quokkas
  7 bats
  2 frilled lizards
  7 rats
297 creatures vanquished.
